 Dungeon Crawl Stone Soup version 0.26.1-11-gd32895ea62 (webtiles) character file.

Game seed: 18335667182303547852

177 Zeld the Sneak (level 5, -2/34 HPs)
             Began as an Octopode Brigand on May 15, 2021.
             Was a Follower of Fedhas.
             Slain by a small abomination (8 damage)
             ... on level 1 of the Abyss.
             The game lasted 00:03:07 (4638 turns).

Zeld the Sneak (Octopode Brigand)                   Turns: 4638, Time: 00:03:08

Health: -2/34      AC:  1    Str: 11    XL:     5   Next: 57%
Magic:  8/8        EV: 13    Int: 13    God:    Fedhas [*.....]
Gold:   137        SH:  0    Dex: 14    Spells: 8/8 levels left

rFire    . . .     SeeInvis .   a - +2 dagger
rCold    . . .     Faith    .   (no shield)
rNeg     . . .     Spirit   .   (helmet restricted)
rPois    .         Reflect  .   (no amulet)
rElec    .         Harm     .   (no ring)
rCorr    .         Rampage  .   (no ring)
Will     .....                  (no ring)
Stlth    ++++......             (no ring)
HPRegen  0.11/turn              (no ring)
MPRegen  0.11/turn              (no ring)
                                (no ring)
                                (no ring)

@: no status effects
A: almost no armour, stealthy swim, amphibious, 8 rings, constrict 8, camouflage
1, gelatinous body 1
a: Renounce Religion


You were on level 1 of the Abyss.
You worshipped Fedhas.
Fedhas was aware of your devotion.
You visited 1 branch of the dungeon, and saw 3 of its levels.
You visited the Abyss 1 time.

You collected 137 gold pieces.

Inventory:

Hand Weapons
 a - a +2 dagger (weapon)
 f - a +1 dagger of draining
Missiles
 b - 23 poisoned darts (quivered)
 c - 2 curare-tipped darts
Jewellery
 j - a +6 ring of intelligence {unknown}
 l - an uncursed ring of ice {unknown}
Scrolls
 g - a scroll of fear {unknown}
 m - a scroll of remove curse {unknown}
 o - a scroll of enchant armour {unknown}
Potions
 d - a potion of haste {unknown}
 e - a potion of might {unknown}
 h - a potion of cancellation {unknown}
 i - a potion of attraction {unknown}
 k - a potion of degeneration {unknown}
 n - a potion of brilliance {unknown}


   Skills:
 - Level 2.0 Fighting
 - Level 2.0 Short Blades
 * Level 4.7 Throwing
 - Level 1.0 Dodging
 - Level 5.3 Stealth
 + Level 2.4 Spellcasting


You had 8 spell levels left.
You didn't know any spells.
Your spell library was empty.

Dungeon Overview and Level Annotations

Branches:
Dungeon (3/15)

Altars:
Fedhas
Okawaru
Qazlal
Uskayaw


Innate Abilities, Weirdness & Mutations

You cannot wear most types of armour.
You are very stealthy in the water. (Stealth+)
You are amphibious.
You can wear up to eight rings at the same time.
You can use your tentacles to constrict eight enemies at once.
Your skin changes colour to match your surroundings (Stealth+).
Your rubbery body absorbs attacks. (AC +1, EV +1)


Message History

Found 22 sling bullets.
Found a battleaxe.
A large abomination comes into view.
Found a gateway leading deeper into the Abyss.
You see here 22 sling bullets.
You hit the small abomination but do no damage.
You squeeze the small abomination.
The small abomination is lightly damaged.
The small abomination completely misses you.
Unknown command.
The small abomination hits you!
The small abomination hits you but does no damage.
Okay, then.
Okay, then.
The small abomination hits you!
* * * LOW HITPOINT WARNING * * *
A small abomination comes into view.
The small abomination hits you!
You die...
Fedhas appreciates your contribution to the ecosystem.

# ... .. # ##
........## #
#..##..##.## #
.....x..#..#..# ## #
.≈ ≈......#.... ..#
# ..≈ ......... #.##
# .. ≈..#(..#..##...
#∩ .. #........# #
.#. .###.##.#@.# # #
..# #.....x#......
....###.###.#.....#.
# ..#.. #..#.###.# #
.. .#.
#####.###.##.##.X.
##...#..#.....#
#.(.#. ... .#
#.#....#...#...
#.##X###.##. #


You could see 2 small abominations.

Vanquished Creatures
  Terence (D:2)
  Jessica (D:2)
  6 gnolls
  3 oozes
  2 leopard geckos
  2 giant cockroaches (D:1)
  4 goblins
  3 hobgoblins (D:1)
  9 jackals
  5 kobolds
  A quokka (D:2)
  8 bats
  4 frilled lizards
  6 rats
55 creatures vanquished.

Notes
Turn   | Place    | Note
-------+----------+-------------------------------------------
     0 | D:1      | Zeld the Octopode Brigand began the quest for the Orb.
     0 | D:1      | Reached XP level 1. HP: 14/14 MP: 1/1
   407 | D:2      | Noticed Terence
   441 | D:1      | Reached XP level 2. HP: 19/19 MP: 2/2
  1059 | D:1      | Reached skill level 1 in Spellcasting
  1117 | D:1      | Reached XP level 3. HP: 5/24 MP: 4/4
  1495 | D:2      | Found an iron altar of Okawaru.
  1495 | D:2      | Found a stormy altar of Qazlal.
  1496 | D:2      | Found a blossoming altar of Fedhas.
  1513 | D:2      | Found a hide-covered altar of Uskayaw.
  1516 | D:2      | Became a worshipper of Fedhas Madash
  2021 | D:2      | Found a faded altar of an unknown god.
  2032 | D:2      | Noticed Jessica
  2048 | D:2      | Killed Jessica
  2049 | D:2      | Reached XP level 4. HP: 13/29 MP: 6/6
  2430 | D:2      | Killed Terence
  2585 | D:2      | Reached * piety under Fedhas
  3270 | D:2      | Reached XP level 5. HP: 27/34 MP: 8/8
  4538 | D:3      | Cast into level 1 of the Abyss (gnoll)
  4626 | Abyss:1  | Noticed a large abomination
  4631 | Abyss:1  | Noticed a small abomination
  4638 | Abyss:1  | Slain by a small abomination

Illustrated notes

Levels and vault maps discovered:
D:1:      psy_arrival_dodecagon, layout_basic
D:2:      layout_basic, nicolae_overflow_quartered_altars,
          chequers_ecumenical_altar_island, minmay_strange_pillars,
          uniq_jessica, uniq_terence
D:3:      layout_basic, hangedman_decor_push, corexii_leaking_fountain,
          serial_park_tiny_pond
Abyss:1:  base:
D:3

Skill      XL: |  1  2  3  4 |
---------------+-------------+-----
Spellcasting   | 1 2 |  2.4
Throwing       | 3 4 |  4.7
Fighting       | |  2.0
Short Blades   | |  2.0
Dodging        | |  1.0
Stealth        | |  5.3

Action                   |  1- 3 |  4- 6 || total
-------------------------+-------+-------++-------
Melee: Dagger            |    66 |    46 ||   112
       Tentacles         |    10 |    14 ||    24
       Constrict         |    16 |    15 ||    31
Throw: Dart              |       |     6 ||     6
 Stab: Sleeping          |     8 |     2 ||    10
Armor: Skin              |     8 |     4 ||    12
Dodge: Dodged            |    34 |    38 ||    72
